 Dungeon Crawl Stone Soup version 0.31.0 (webtiles) character file.

Game seed: 2476123022295115673

2805 Laraso the Basher (level 9, -2/64 HPs)
             Began as a Demonspawn Fighter on Jan 20, 2024.
             Slain by an orc warrior
             ... wielding a +0 halberd
              (10 damage)
             ... on level 6 of the Dungeon.
             The game lasted 00:09:31 (6335 turns).

Laraso the Basher (Demonspawn Fighter)              Turns: 6335, Time: 00:09:32

Health: -2/64      AC: 13    Str: 18    XL:     9   Next: 44%
Magic:  9/9        EV:  7    Int:  9    God:
Gold:   435        SH:  9    Dex: 15    Spells: 8/8 levels left

rFire   . . .        a - +2 whip (elec)
rCold   . . .        o - +0 kite shield
rNeg    . . .        b - +0 scale mail
rPois   .            (helmet unavailable)
rElec   .            (no cloak)
rCorr   .            h - +2 pair of gloves
SInv    .            (no boots)
Will    .....        x - amulet of magic regeneration Stlth
                     m - +4 ring of protection
HPRegen 0.30/turn    (no ring)
MPRegen 0.62/turn

%: no passive effects
@: invisible
A: horns 3, magic regeneration, weakness stinger 2, demonic touch 1
a: no special abilities


You were on level 6 of the Dungeon.
You visited 1 branch of the dungeon, and saw 6 of its levels.
You also visited: Sewer.

You collected 435 gold pieces.

Inventory:

Hand Weapons
 a - a +2 whip of electrocution (weapon)
 g - a +1 whip of chaos
Armour
 b - a +0 scale mail (worn)
 h - a +2 pair of gloves (worn)
 o - a +0 kite shield (worn)
Jewellery
 m - a +4 ring of protection (left hand)
 x - an amulet of magic regeneration (around neck)
Wands
 l - a wand of charming (12)
 r - a wand of flame (7)
Scrolls
 c - a scroll of identify
 e - 3 scrolls of vulnerability
 f - a scroll of amnesia
 p - a scroll of blinking {unknown}
 s - a scroll of fog
 u - 2 scrolls of enchant armour {unknown}
 v - a scroll of poison {unknown}
 w - a scroll of revelation {unknown}
 y - a scroll of teleportation {unknown}
Potions
 d - 2 potions of might
 i - a potion of magic
 j - 2 potions of mutation
 k - 2 potions of cancellation
 q - 2 potions of haste
 t - a potion of curing {unknown}


   Skills:
 * Level 3.4 Fighting
 - Level 12.0 Maces & Flails
 - Level 2.6 Armour
 - Level 2.6 Shields


You had 8 spell levels left.
You didn't know any spells.
Your spell library contained the following spells:

 Spells                   Type           Power      Damage    Failure   Level
 Blink                    Tloc           0%         N/A       99%         2
 Lesser Beckoning         Tloc           0%         N/A       99%         2
 Momentum Strike          Conj/Tloc      0%         3d8       99%         2


Dungeon Overview and Level Annotations

Branches:
Dungeon (6/15)              Sewer (visited)
 Temple: D:4-7

Altars:
Gozag
Kikubaaqudgha
Makhleb
Ru
Trog
Uskayaw
Xom

Portals:
Abyss: D:5

Annotations:
D:5 2 transporters, Destinykillz's ghost, novice HOFi


Innate Abilities, Weirdness & Mutations

You have a pair of large horns on your head.
You regenerate magic rapidly.
You have a tail ending in a sharp stinger.
Your touch may inflict minor irresistible damage on your foes.


Message History

You flicker back into view.
The ice beast hits you but does no damage.
Aiming: Charm
Press: ? - help, Shift-Dir - straight line, f/p - ice beast
Aim: an ice beast (lightly wounded, control wrested from you, chance to affect: 49%)
The ice beast is charmed.
Unknown command.
Aiming: Charm
Press: ? - help, Shift-Dir - straight line, f/p - ice beast
Aim: an ice beast (lightly wounded, charmed, control wrested from you, chance to affect: 49%)
The ice beast resists with some effort.
The ice beast closely misses you.
Unknown command.
Aiming: Charm
Press: ? - help, Shift-Dir - straight line, f/p - ice beast
Aim: an ice beast (lightly wounded, charmed, control wrested from you, chance to affect: 49%)
The ice beast is charmed.
The orc warrior hits you from afar with a +0 halberd.
* * * LOW HITPOINT WARNING * * *
Aiming: Charm
Press: ? - help, Shift-Dir - straight line, f/p - ice beast
Aim: an ice beast (lightly wounded, charmed, control wrested from you, chance to affect: 49%)
The ice beast is charmed.
The orc warrior barely misses you. You block the ice beast's attack.
Unknown command.
Okay, then.
You fade into invisibility!
The orc warrior closely misses you.
Okay, then.
There is an open door here.
Aiming: Charm
Press: ? - help, Shift-Dir - straight line, f/p - ice beast
Aim: an ice beast (lightly wounded, charmed, control wrested from you, unable to see you, chance to affect: 49%)
The ice beast resists with some effort.
You block the ice beast's attack.
Unknown command.
Aiming: Charm
Press: ? - help, Shift-Dir - straight line, f/p - ice beast
Aim: an ice beast (lightly wounded, charmed, control wrested from you, unable to see you, chance to affect: 49%)
The ice beast is charmed.
The orc warrior hits you from afar with a +0 halberd!
You die...

#...######.######.##.##.#
##.## #.# #.......# #.# #.#
####.#### #.# ##+##
##.###### ##.## ##...##
#...<...# #...####.....##
#.#####.# .....##.......##
#.# #.#
....##.........####.# #.#
.....'........oY@...# #.#
..####.........####.#####.#
.## ##.......## #.......#
.# ##.....## #####.#### .#
##...## ###........# .#
##+## #.......##.# .####
#.# #.#.##..##.# ..>.# #.#
#.#.##..##.# .##.######.##
#.#.....##.#


You could see an orc warrior (unable to see you) and an ice beast (charmed,
hexed, unable to see you).

Vanquished Creatures
  Sigmund (D:2)
  A steam dragon (D:6)
  Duvessa (D:4)
  3 water moccasins
  A black bear (D:5)
  An ogre (D:4)
  6 phantoms
  2 kobold brigands (Sewer)
  A bullfrog (D:6)
  Dowan (D:4)
  4 bullfrog zombies (D:6)
  A centaur zombie (D:6)
  A human zombie (D:6)
  4 bombardier beetles
  A gnoll bouda (D:5)
  2 orc priests
  A centaur skeleton (D:6)
  4 hounds
  A bullfrog skeleton (D:6)
  3 iguanas (D:5)
  5 orc wizards
  3 howler monkey zombies (D:6)
  8 adders
  11 gnolls
  A howler monkey skeleton (D:6)
  2 river rats (D:3)
  5 shadow imps (Sewer)
  2 ufetubi (D:3)
  A dart slug (D:1)
  2 ribbon worms
  16 orcs
  6 bats
  A bat zombie (Sewer)
  4 endoplasms
  6 giant cockroaches
  9 goblins
  10 hobgoblins
  2 jackals (D:1)
  2 quokkas
  7 ball pythons
  4 frilled lizards
  21 kobolds
  A kobold zombie (Sewer)
  8 rats
177 creatures vanquished.

Vanquished Creatures (collateral kills)
  Jessica (D:3)
1 creature vanquished.

Grand Total: 178 creatures vanquished

Notes
Turn   | Place    | Note
-------+----------+-------------------------------------------
     0 | D:1      | Laraso the Demonspawn Fighter began the quest for the Orb.
     0 | D:1      | Reached XP level 1. HP: 18/18 MP: 1/1
    89 | D:1      | Reached skill level 2 in Maces & Flails
   279 | D:1      | Gained mutation: You regenerate magic rapidly. [demonic
                  | ancestry]
   279 | D:1      | Reached XP level 2. HP: 24/24 MP: 2/2
   786 | D:1      | Reached skill level 3 in Maces & Flails
   993 | D:2      | Noticed Sigmund
  1181 | D:2      | Discovered your monstrous ancestry.
  1181 | D:2      | Gained mutation: You have a small tail. [demonic ancestry]
  1181 | D:2      | Reached XP level 3. HP: 29/29 MP: 3/3
  1360 | D:2      | HP: 1/29 [Sigmund/+0 scythe (2)]
  1361 | D:2      | Killed Sigmund
  1362 | D:2      | Reached skill level 5 in Maces & Flails
  1362 | D:2      | Gained mutation: You have a tail ending in a sharp stinger.
                  | [demonic ancestry]
  1362 | D:2      | Reached XP level 4. HP: 1/35 MP: 4/4
  1362 | D:2      | Gained mutation: You have a pair of small horns on your
                  | head. [demonic ancestry]
  1362 | D:2      | Reached XP level 5. HP: 1/41 MP: 5/5
  2074 | D:2      | Found a sacrificial altar of Ru.
  2203 | D:3      | Noticed Jessica
  2208 | D:3      | Killed Jessica
  2303 | D:3      | Gained mutation: Your touch may inflict minor irresistible
                  | damage on your foes. [demonic ancestry]
  2303 | D:3      | Reached XP level 6. HP: 47/47 MP: 6/6
  2339 | D:3      | Found a hide-covered altar of Uskayaw.
  2372 | D:3      | Reached skill level 6 in Maces & Flails
  2380 | D:3      | Found a large runed translucent door.
  2380 | D:3      | Found a large runed translucent door.
  2387 | D:3      | Found a shimmering altar of Xom.
  2631 | D:3      | Found a glowing drain.
  2681 | Sewer    | Entered a sewer
  2794 | Sewer    | Found an ancient bone altar of Kikubaaqudgha.
  2904 | Sewer    | Reached skill level 7 in Maces & Flails
  2904 | Sewer    | Gained mutation: You have a pair of horns on your head.
                  | [demonic ancestry]
  2904 | Sewer    | Reached XP level 7. HP: 47/52 MP: 7/7
  3226 | D:3      | Found a faded altar of an unknown god.
  3609 | D:4      | Noticed Duvessa
  3609 | D:4      | Noticed Dowan
  3616 | D:4      | Reached skill level 8 in Maces & Flails
  3631 | D:4      | Killed Duvessa
  3639 | D:4      | Killed Dowan
  3837 | D:4      | Reached XP level 8. HP: 43/58 MP: 8/8
  3988 | D:4      | Found a bloodstained altar of Trog.
  4030 | D:5      | Entered Level 5 of the Dungeon
  4185 | D:4      | Reached skill level 9 in Maces & Flails
  4263 | D:4      | Found an opulent altar of Gozag.
  4445 | D:5      | Found a transporter.
  4451 | D:5      | Found a one-way gate to the infinite horrors of the Abyss.
  4451 | D:5      | Noticed Destinykillz's ghost (novice HOFi)
  4452 | D:5      | Found a transporter.
  4477 | D:5      | Found a burning altar of Makhleb.
  4504 | D:5      | Noticed an angel
  4628 | D:5      | Gained mutation: You have a pair of large horns on your
                  | head. [potion of mutation]
  4637 | D:5      | Reached skill level 10 in Maces & Flails
  6028 | D:6      | Reached skill level 11 in Maces & Flails
  6028 | D:6      | Reached XP level 9. HP: 58/63 MP: 9/9
  6175 | D:6      | Found an ancient bone altar of Kikubaaqudgha.
  6300 | D:6      | Reached skill level 12 in Maces & Flails
  6302 | D:6      | HP: 3/64 [ice beast (9)]
  6335 | D:6      | Slain by an orc warrior

Illustrated notes

Levels and vault maps discovered:
D:1:      reono_arrival_forest_river, layout_basic
D:2:      layout_rooms, basic_altar, serial_co_window_serial, co_window_paths_b,
          co_window_paths_a, co_window_corner_a, co_window_paths_a,
          co_window_corner_a, co_window_broadway_c, co_window_cross_3,
          co_window_corner_b, co_window_corner_b, co_window_4corner_b,
          co_window_paths_e, glass_columns_c, glass_columns_c, glass_columns_a,
          glass_columns_a, glass_columns_c, chequers_serial_rivers_marsh,
          uniq_sigmund
D:3:      due_chaos_kobolds, layout_rooms, mainiacjoe_overflow_boulevard,
          dilly_ecumenical_altar_fadedgnrine, lightli_sewer_entry_pipes,
          uniq_jessica
D:4:      layout_cave_pools, trog_three_pillars_becter,
          nicolae_gozag_seed_capital, grunt_ministairs_3, uniq_duvessa
D:5:      layout_basic, zin_angel, mainiacjoe_overflow_divided_tiny,
          gammafunk_ghost_abyssal_escape
D:6:      layout_loops_corners, lemuel_mausoleum_altar_kikubaaqudgha,
          minmay_temple_entry_poolview, chequers_garden,
          roderic_serpentine_path, minmay_bent

Skill      XL: |  1  2  3  4  5  6  7  8  9 |
---------------+----------------------------+-----
Maces & Flails | 2 3 5 7 8 11 12 | 12.0
Fighting       | |  3.4
Armour         | |  2.6
Shields        | |  2.6

Action                     |  1- 3 |  4- 6 |  7- 9 || total
---------------------------+-------+-------+-------++-------
  Melee: Flail             |    48 |       |       ||    48
         Whip              |    21 |   139 |   301 ||   461
         Tailslap          |     3 |    11 |    43 ||    57
         Headbutt          |       |    19 |    52 ||    71
  Evoke: Wand              |       |       |     7 ||     7
    Use: Scroll            |     2 |     4 |     2 ||     8
         Potion            |     2 |       |     8 ||    10
   Stab: Invisible         |     1 |       |     4 ||     5
 Armour: Scale mail        |    71 |    72 |   169 ||   312
  Dodge: Dodged            |    38 |    59 |    93 ||   190
  Block: Buckler           |    16 |    20 |    32 ||    68
         Kite shield       |       |       |    22 ||    22
